 Dungeon Crawl Stone Soup version 0.24-a0-115-gd155597 (webtiles) character file.

Game seed: 17062642545588697510

797 mhoghedin the Caller (level 8, -4/48 HPs)
             Began as a Kobold Summoner on Feb 18, 2019.
             Was an Initiate of Sif Muna.
             Slain by Harold
             ... wielding a +0 scimitar
              (19 damage)
             ... on level 6 of the Dungeon.
             The game lasted 00:12:47 (5827 turns).

mhoghedin the Caller (Kobold Summoner)              Turns: 5827, Time: 00:12:48

Health: -4/48      AC:  4    Str:  6    XL:     8   Next: 13%
Magic:  1/13       EV: 15    Int: 23    God:    Sif Muna [......]
Gold:   99         SH:  0    Dex: 17    Spells: 3/13 levels left

rFire    . . .     SeeInvis .   y - +7 rapier "Embalmer" {pierce, Int+2}
rCold    . . .     Gourm    .   (shield restricted)
rNeg     . . .     Faith    .   a - +0 robe
rPois    .         Spirit   .   g - +0 helmet
rElec    .         Reflect  .   (no cloak)
rCorr    .         Harm     .   (no gloves)
MR       +....                  d - +0 pair of boots
Stlth    +++.......             h - amulet of magic regeneration
HPRegen  0.16/turn              x - +3 ring of intelligence
MPRegen  0.38/turn              j - +3 ring of slaying

@: marked, very slightly contaminated
A: small, agile 1, carnivore, magic resistance 1
a: Renounce Religion


You were on level 6 of the Dungeon.
You worshipped Sif Muna.
Sif Muna was noncommittal.
You were full.

You visited 2 branches of the dungeon, and saw 8 of its levels.

You collected 342 gold pieces.
You spent 243 gold pieces at shops.

Inventory:

Hand Weapons
 u - a +2 short sword of venom
   (You took it off an orc on level 4 of the Dungeon)
 y - the +7 rapier "Embalmer" (weapon) {pierce, Int+2}
   (You bought it in a shop on level 6 of the Dungeon)

   It inflicts extra damage upon your enemies.
   It affects your intelligence (+2).
Armour
 a - a +0 robe (worn)
 d - a +0 pair of boots (worn)
   (You found it on level 1 of the Dungeon)
 g - a +0 helmet (worn)
   (You found it on level 1 of the Dungeon)
Jewellery
 h - an amulet of magic regeneration (around neck)
   (You found it on level 1 of the Dungeon)
 i - an uncursed ring of fire {rF+, rC-}
   (You found it on level 1 of the Dungeon)
 j - a +3 ring of slaying (right hand)
   (You found it on level 2 of the Dungeon)
 x - a +3 ring of intelligence (left hand)
   (You found it on level 6 of the Dungeon)
 z - an uncursed ring of protection from magic {MR+, !d}
   (You found it on level 6 of the Dungeon)
Wands
 v - a wand of enslavement (12)
   (You found it on level 6 of the Dungeon)
 w - a wand of flame (10)
   (You found it on level 6 of the Dungeon)
Scrolls
 b - a scroll of random uselessness
 k - a scroll of amnesia
 l - a scroll of enchant armour
 m - 2 scrolls of teleportation
 n - 2 scrolls of blinking {!r}
 o - a scroll of remove curse
 p - a scroll of fog
 r - 2 scrolls of enchant weapon
Potions
 f - a potion of mutation {!q}
 q - a potion of brilliance
 t - 2 potions of haste
Comestibles
 c - 12 rations


   Skills:
 - Level 3.8 Fighting
 - Level 5.0 Short Blades
 - Level 2.5 Dodging
 - Level 4.8 Stealth
 + Level 3.4 Spellcasting
 + Level 6.3 Summonings
 + Level 1.0 Air Magic


You had 3 spell levels left.
You knew the following spells:

 Your Spells              Type           Power        Failure   Level  Hunger
a - Summon Small Mammal   Summ           ####         1%          1    None
b - Call Canine Familiar  Summ           ####....     2%          3    ###....
c - Call Imp              Summ           ####....     1%          2    ##.....
d - Summon Lightning Spi  Summ/Air       ###.....     24%         4    ####...

Your spell library contained the following spells:

 Spells                   Type           Power        Failure   Level  Hunger
 Summon Guardian Golem    Hex/Summ       ###.....     9%          3    ###....
 Summon Ice Beast         Ice/Summ       ###.....     30%         4    ####...


Dungeon Overview and Level Annotations

Branches:
Dungeon (7/15)             Temple (1/1) D:5

Altars:
Ashenzari
Dithmenos
Elyvilon
Fedhas
Gozag
Hepliaklqana
Kikubaaqudgha
Makhleb
Nemelex Xobeh
Okawaru
Qazlal
Ru
Sif Muna
Trog
Uskayaw
Vehumet
Wu Jian
Xom
Yredelemnul
Zin
The Shining One

Shops:
D:6 (

Annotations:
D:3 1 runed translucent door, vishdafish's ghost, weakling HaSk
D:6 Harold


Innate Abilities, Weirdness & Mutations

You are small and have problems with some larger weapons.
You are carnivorous and can eat meat at any time.
You are agile. (Dex +2)
You are resistant to hostile enchantments. (MR+)


Message History

Your white imp is burned by acid!
Your shadow imp hits the jelly.
The acid corrodes your shadow imp!
Your shadow imp is burned by acid!
You take 12 damage, and have 17/48 hp.
MASSIVE DAMAGE!!
You barely miss the jelly. The jelly hits you. The acid corrodes you!
You are splashed with acid!
* * * LOW HITPOINT WARNING * * *
Your white imp gestures at the jelly.
The puff of frost hits the jelly!
The jelly dies!
Sif Muna accepts your kill.
Your Air Magic skill increases to level 1!
You take 10 damage, and have 7/48 hp.
MASSIVE DAMAGE!!
You start resting.
Your shadow imp is no longer covered in acid.
Your shadow imp disappears in a puff of smoke!
You are no longer corroded.
You regained 5 hp, and now have 12/48 hp.
MP restored: 13 You start resting.
Harold is too close now for your liking.
Unknown command.
You regained 25 hp, and now have 37/48 hp.
A beastly little devil appears in a puff of frigid air.
You now have 11/13 mp.
A beastly little devil appears in a puff of flame.
You now have 9/13 mp.
What are your orders? t - Shout!
Orders for allies: a - Attack new target. r - Retreat! s - Stop attacking. g - Guard the area. f - Follow me.
Anything else - Cancel.
Gang up on whom?
Aim: Harold, wielding a +0 scimitar and wearing a +0 scale mail Attack!
Your crimson imp blinks!
Harold points at you and mumbles some strange words.
A sentinel's mark forms upon you.
Unknown command.
Your white imp gestures at Harold.
The puff of frost hits Harold!
There is a stone staircase leading up, spattered with blood here.
You see here 2 arrows.
Your white imp gestures at Harold.
The puff of frost hits Harold.
Your white imp closely misses Harold.
Harold hits your crimson imp with a +0 scimitar.
Your crimson imp barely misses Harold.
Your white imp hits Harold.
Your white imp freezes Harold.
Your white imp hits Harold but does no damage.
Your white imp disappears in a puff of smoke!
Harold barely misses your crimson imp.
Your crimson imp hits Harold but does no damage.
Your white imp hits Harold but does no damage.
Okay, then.
Unknown command.
An electric hum fills the air.
Harold hits your crimson imp with a +0 scimitar!!
Your crimson imp dies!
Your white imp hits Harold but does no damage.
You now have 8/13 mp.
You hit Harold but do no damage. Harold hits you with a +0 scimitar!
Your lightning spire shoots out a bolt of lightning at Harold!
The bolt of electricity hits Harold!
You take 7 damage, and have 32/48 hp.
You hit Harold.
Your white imp hits Harold.
Your white imp freezes Harold.
You closely miss Harold.
Your lightning spire shoots out a bolt of lightning at Harold!
The bolt of electricity hits Harold!
Harold hits your lightning spire with a +0 scimitar!!
Your lightning spire is destroyed!
Your white imp gestures at Harold.
The puff of frost hits Harold.
You barely miss Harold.
Your white imp barely misses Harold.
Harold gestures at you while chanting.
You barely resist.
Okay, then.
Unknown command.
An electric hum fills the air.
Your white imp disappears in a puff of smoke!
Harold hits you with a +0 scimitar!
You take 12 damage, and have 20/48 hp.
MASSIVE DAMAGE!!
You now have 7/13 mp.
Harold misses you.
You climb upwards.
There is a stone staircase leading down here.
Okay, then.
Unknown command.
You miscast Summon Lightning Spire.
You are very lightly contaminated with residual magic.
Your hair stands on end.
Harold hits you with a +0 scimitar.
You take 6 damage, and have 15/48 hp.
You now have 4/13 mp.
You miscast Summon Lightning Spire.
You feel a strange surge of energy! Harold hits you with a +0 scimitar!!
You die...

#.##########.## #.# #.#
#.....# #.# #.# #.#
#.###.######.# #.# #.# #.#
#.#......# #.# #.# #.#
#.#.####.# #.####.# #.# #.#.#
#.# #..###.# #.# #.#.####.#
#..#∩'.### #.#
#........#####..###...###
#.###.#.####@@...............
#.......## #######........###
#.###....# #......### #.#
####.# #####......# #.# #.#
#<##.......# #.# #.#
#.##..###### ###
#.#####.##..# #...........#
#####.#.##.##


You could see Harold.

Vanquished Creatures
  An ogre (D:4)
  A phantom (D:4)
  A centaur (D:7)
  A howler monkey (D:3)
  A crimson imp (D:6)
  A hound (D:5)
  2 orc wizards
  2 worker ants
  5 adders
  An ooze (D:4)
  A worm (D:4)
  A leopard gecko (D:2)
  3 orcs
  2 bats
  A goblin (D:3)
  3 hobgoblins
  2 quokkas (D:4)
  3 frilled lizards
  A jackal zombie (D:6)
  5 kobolds
  4 rats
42 creatures vanquished.

Vanquished Creatures (collateral kills)
  Duvessa (D:5)
  Dowan (D:5)
  A scorpion (D:4)
  A jelly (D:7)
  A hound (D:4)
  2 orc priests
  2 worker ants (D:4)
  5 adders
  A shadow imp (D:4)
  2 worms (D:2)
  3 leopard geckos
  6 orcs
  4 giant cockroaches
  3 goblins (D:2)
  5 hobgoblins
  2 jackals (D:2)
  2 kobolds
  3 bats
  A rat (D:2)
46 creatures vanquished.

Grand Total: 88 creatures vanquished

Notes
Turn   | Place    | Note
-------+----------+-------------------------------------------
     0 | D:1      | mhoghedin the Kobold Summoner began the quest for the Orb.
     0 | D:1      | Reached XP level 1. HP: 10/10 MP: 3/3
   497 | D:1      | Reached skill level 1 in Fighting
   646 | D:1      | Reached XP level 2. HP: 10/16 MP: 3/5
   768 | D:1      | Learned a level 2 spell: Call Imp
  1058 | D:2      | Reached skill level 2 in Fighting
  1062 | D:2      | Reached XP level 3. HP: 22/22 MP: 3/6
  1192 | D:2      | Reached skill level 3 in Fighting
  1475 | D:2      | Reached XP level 4. HP: 28/28 MP: 7/7
  1867 | D:2      | Learned a level 3 spell: Call Canine Familiar
  1924 | D:3      | Found a runed translucent door.
  1985 | D:3      | Found a faded altar of an unknown god.
  2423 | D:3      | Noticed vishdafish's ghost (weakling HaSk)
  2568 | D:4      | Reached XP level 5. HP: 28/33 MP: 6/9
  2731 | D:4      | Reached skill level 3 in Spellcasting
  2779 | D:4      | Noticed a phantom
  2813 | D:3      | Reached skill level 1 in Short Blades
  2993 | D:3      | Reached skill level 2 in Short Blades
  2993 | D:3      | Reached skill level 5 in Summonings
  2993 | D:3      | Reached XP level 6. HP: 34/38 MP: 10/10
  3154 | D:4      | Killed a phantom
  3154 | D:4      | Reached skill level 3 in Short Blades
  3407 | D:4      | Noticed an ogre
  3415 | D:4      | Killed an ogre
  3415 | D:4      | Reached skill level 3 in Stealth
  3415 | D:4      | Reached XP level 7. HP: 42/42 MP: 11/11
  3529 | D:4      | Reached skill level 4 in Short Blades
  3718 | D:5      | Entered Level 5 of the Dungeon
  3744 | D:5      | Noticed Dowan
  3745 | D:5      | Noticed Duvessa
  3772 | D:5      | Killed Duvessa
  3772 | D:5      | Reached skill level 4 in Stealth
  3779 | D:5      | Killed Dowan
  3994 | D:5      | Found a staircase to the Ecumenical Temple.
  4001 | Temple   | Entered the Ecumenical Temple
  4093 | Temple   | Became a worshipper of Sif Muna the Loreminder
  4153 | D:5      | Reached skill level 6 in Summonings
  4858 | D:6      | Found Iluo's Antique Weapon Shop.
  4869 | D:6      | Bought an ichor-stained rapier for 243 gold pieces
  4869 | D:6      | Identified the +7 rapier "Embalmer" {pierce, Int+2} (You
                  | bought it in a shop on level 6 of the Dungeon)
  4926 | D:6      | Reached skill level 5 in Short Blades
  5479 | D:7      | Noticed Harold
  5506 | D:7      | Gained mutation: You are resistant to hostile enchantments.
                  | (MR+) [potion of mutation]
  5506 | D:7      | Gained mutation: You are agile. (Dex +2) [potion of
                  | mutation]
  5545 | D:6      | Learned a level 4 spell: Summon Lightning Spire
  5615 | D:7      | Reached XP level 8. HP: 28/48 MP: 11/13
  5621 | D:7      | HP: 7/48 [acid (9)]
  5621 | D:7      | Reached skill level 1 in Air Magic
  5827 | D:6      | Slain by Harold

Levels and vault maps discovered:
D:1:      dpeg_arrival_simpleton_a, layout_basic, minmay_tetromino_l2
D:2:      layout_rooms, hangedman_feature_mirror
D:3:      layout_loops_cross, chequers_ecumenical_altar_island,
          ebering_ghost_reflecting_pool
D:4:      layout_rooms
D:5:      layout_loops_cross, minmay_temple_entry_statues, first_ration,
          uniq_duvessa
D:6:      layout_basic, serial_shops, nicolae_shop_window_shopping,
          corner_web_ring
D:7:      layout_basic, st_stairs_1, uniq_pikel, uniq_harold
Temple:   grunt_wide_crystal_templ

Skill      XL: |  1  2  3  4  5  6  7  8 |
---------------+-------------------------+-----
Fighting       | 1 2 3 |  3.8
Spellcasting   | 3 |  3.4
Short Blades   | 2 3 5 |  5.0
Summonings     | 5 6 |  6.3
Stealth        | 3 4 |  4.8
Air Magic      | 1 |  1.0
Dodging        | |  2.5

Action                   |  1- 3 |  4- 6 |  7- 9 || total
-------------------------+-------+-------+-------++-------
Melee: Club              |    71 |    66 |       ||   137
       Unarmed           |     2 |       |       ||     2
       Short sword       |       |    36 |    26 ||    62
       Rapier            |       |       |    15 ||    15
 Cast: Summon Small Mamm |     9 |       |       ||     9
       Call Imp          |    19 |    18 |    21 ||    58
       Call Canine Famil |       |     8 |     7 ||    15
       Summon Lightning  |       |       |     2 ||     2
  Use: Scroll            |     2 |       |     8 ||    10
       Potion            |     1 |       |     3 ||     4
 Stab: Sleeping          |     1 |     3 |     1 ||     5
  Eat: Chunk             |    11 |     8 |     6 ||    25
Armor: Robe              |    27 |    20 |     4 ||    51
Dodge: Dodged            |   100 |   103 |    26 ||   229

Table legend:
 A = Non-vault XP
 B = Vault XP
 C = Vault XP percentage of total XP
 D = Non-vault monster count
 E = Vault monster count
 F = Vault count percentage of total count
                 A         B        C        D         E       F
            +---------+---------+-------+---------+---------+-------
      Total |     973 |     166 |  14.6 |      80 |       8 |   9.1
            +---------+---------+-------+---------+---------+-------
        D:1 |      14 |       2 |  12.5 |      12 |       2 |  14.3
        D:2 |      64 |      10 |  13.5 |      25 |       4 |  13.8
        D:3 |     112 |       0 |   0.0 |       8 |       0 |   0.0
        D:4 |     446 |       0 |   0.0 |      22 |       0 |   0.0
        D:5 |      81 |     154 |  65.5 |       4 |       2 |  33.3
        D:6 |     112 |       0 |   0.0 |       7 |       0 |   0.0
        D:7 |     144 |       0 |   0.0 |       2 |       0 |   0.0
            +---------+---------+-------+---------+---------+-------

Levels and vault maps discovered:
D:1:      dpeg_arrival_simpleton_a, layout_basic, minmay_tetromino_l2
D:2:      layout_rooms, hangedman_feature_mirror
D:3:      layout_loops_cross, chequers_ecumenical_altar_island,
          ebering_ghost_reflecting_pool
D:4:      layout_rooms
D:5:      layout_loops_cross, minmay_temple_entry_statues, first_ration,
          uniq_duvessa
D:6:      layout_basic, serial_shops, nicolae_shop_window_shopping,
          corner_web_ring
D:7:      layout_basic, st_stairs_1, uniq_pikel, uniq_harold
Temple:   grunt_wide_crystal_templ

Table legend:
 A = Turns spent in this place as a percentage of turns spent in the entire game.
 B = Non-inter-level travel turns spent in this place as a percentage of non-inter-level travel turns spent in the entire game.
 C = Inter-level travel turns spent in this place as a percentage of turns spent in this place.
 D = Turns resting spent in this place as a percentage of non-inter-level travel turns spent in this place.
 E = Turns spent auto-exploring this place as a percentage of non-inter-level travel turns spent in this place.
 F = Non-inter-level travel turns spent in this place divided by the number of levels of this place that you've seen.
                   A       B       C       D       E      F
               +-------+-------+-------+-------+-------+----------------------
         Total | 100.0 | 100.0 |   6.8 |  36.2 |  46.1 | 678.9
       Dungeon |  98.2 |  98.7 |   6.3 |  36.7 |  45.5 | 765.9
        Temple |   1.8 |   1.3 |  34.0 |   0.0 |  97.1 |  70.0
               +-------+-------+-------+-------+-------+----------------------

Table legend:
 A = Kills in this place as a percentage of kills in entire the game.
 B = Kills by you in this place as a percentage of kills by you in the entire game.
 C = Kills by friends in this place as a percentage of kills by friends in the entire game.
 D = Other kills in this place as a percentage of other kills in the entire game.
 E = Experience gained in this place as a percentage of experience gained in the entire game.
 F = Experience gained in this place divided by the number of levels of this place that you have seen.
                   A       B       C       D       E      F
               +-------+-------+-------+-------+-------+----------------------
         Total | 100.0 | 100.0 | 100.0 |   N/A | 100.0 | 142.4
       Dungeon | 100.0 | 100.0 | 100.0 |   N/A | 100.0 | 162.7
               +-------+-------+-------+-------+-------+----------------------
